 Dungeon Crawl Stone Soup version bcrawl-1.36.5b (webtiles) character file.

Game seed: 7108906736057168142

151533 exe1 the Sneak (level 5, 0/37 HPs)
             Began as a Demonspawn Archaeologist on Aug 21, 2022.
             Succumbed to an adder's poison
             ... in a sewer on Aug 23, 2022.
             The game lasted 00:12:15 (2480 turns).

exe1 the Sneak (Demonspawn Archaeologist)           Turns: 2480, Time: 00:12:15

Health: 0/37       AC: 10    Str: 13    XL:     5   Next: 27%
Magic:  2/5        EV:  4    Int: 15    God:
Gold:   132        SH:  8    Dex: 11    Spells: 4/4 levels left

rFire    + . .     GDR:     24% p - +0 morningstar
rCold    . . .     SeeInvis .   h - +2 medium shield {rF+}
rNeg     . . .     Gourm    .   k - +0 scale mail
rPois    .         Faith    .   d - +1 hat
rElec    .         Spirit   +   (no cloak)
rCorr    .         Reflect  .   s - +0 pair of gloves
MR       .....                  n - +1 pair of boots
Stlth    +.........             (no amulet)
HPRegen  0.12/turn              (no ring)
MPRegen  0.18/turn              (no ring)

@: lethally poisoned (0 -> -1), very slow
A: horns 2, magic shield, magic regeneration
a: no special abilities


You were in a sewer.
You were near starving.

You visited 1 branch of the dungeon, and saw 3 of its levels.
You also visited: Sewer.

You collected 132 gold pieces.

Inventory:

Hand Weapons
 a - a +0 whip
 b - a +0 blowgun
 p - a +0 morningstar (weapon)
Missiles
 f - 6 curare-tipped needles
 r - 12 needles of frenzy {=f}
Armour
 c - a +1 robe
 d - a +1 hat (worn)
 h - a +2 medium shield of fire resistance (worn)
 k - a +0 scale mail (worn)
 n - a +1 pair of boots (worn)
 s - a +0 pair of gloves (worn)
Wands
 t - a wand of digging (9)
Scrolls
 g - a scroll of magic mapping
 i - a scroll of identify
 j - 3 scrolls of remove curse {unknown}
 l - a scroll of teleportation {unknown}
 o - 2 scrolls of enchant weapon {unknown}
 q - a scroll of fog {unknown}
Comestibles
 e - a ration {!d}


   Skills:
 + Level 1.6 Fighting
 + Level 3.1 Maces & Flails
 + Level 1.4 Armour
 + Level 3.3 Dodging
 + Level 3.5 Stealth
 + Level 0.2 Shields


You had 4 spell levels left.
You didn't know any spells.
Your spell library was empty.

Dungeon Overview and Level Annotations

Branches:
Dungeon (3/12)

Altars:


Innate Abilities, Weirdness & Mutations

You have a pair of horns on your head.
When hurt, damage is shared between your health and your magic reserves.
You regenerate magic rapidly.


Message History

* * * LOW HITPOINT WARNING * * *
Your unstable footing causes you to fumble your attack.
The adder bites you.
* * * LOW HITPOINT WARNING * * *
The adder barely misses you.
Your unstable footing causes you to fumble your attack.
The adder bites you but does no damage. You block the adder's attack.
You are near starving!
You miss the adder.
The adder is severely wounded.
* * * LOW HITPOINT WARNING * * *
You feel sick. The adder bites you but does no damage. The adder bites you.
* * * LOW HITPOINT WARNING * * *
You hit the adder but do no damage. Your headbutt misses the adder.
The adder is severely wounded.
The adder bites you but does no damage. You block the adder's attack.
Your unstable footing causes you to fumble your attack.
The adder bites you but does no damage.
Your unstable footing causes you to fumble your attack.
You die...

#≈††#
#≈.≈#
#≈≈.#
##.≈≈#
#≈≈≈≈#
##≈≈≈##
##≈≈≈≈#
###≈≈.≈##
#≈≈S@≈##
#≈.≈≈≈≈≈##
≈≈≈..####
≈≈### #


You could see an adder.

Vanquished Creatures
  A hound zombie (D:3)
  3 adders
  A river rat (D:3)
  3 oozes (Sewer)
  A worm (D:2)
  6 leopard geckos
  9 orcs (D:3)
  3 ball pythons
  9 giant cockroaches
  3 goblins
  11 hobgoblins
  7 jackals (D:2)
  10 kobolds
  3 quokkas
  3 bats (D:2)
  4 frilled lizards
  10 rats
87 creatures vanquished.

Notes
Turn   | Place    | Note
-------+----------+-------------------------------------------
     0 | D:1      | exe1 the Demonspawn Archaeologist began the quest for the
                  | Orb.
     0 | D:1      | Reached XP level 1. HP: 15/15 MP: 1/1
   332 | D:1      | Gained mutation: You have a pair of small horns on your
                  | head. [demonic ancestry]
   332 | D:1      | Reached XP level 2. HP: 18/21 MP: 2/2
   827 | D:2      | Reached skill level 1 in Maces & Flails
  1081 | D:2      | Gained mutation: When hurt, damage is shared between your
                  | health and your magic reserves. [demonic ancestry]
  1081 | D:2      | Reached XP level 3. HP: 26/26 MP: 3/3
  1753 | D:3      | Gained mutation: You have a pair of horns on your head.
                  | [demonic ancestry]
  1753 | D:3      | Reached XP level 4. HP: 22/32 MP: 1/4
  1812 | D:3      | Reached skill level 1 in Armour
  2152 | D:3      | Found a glowing drain.
  2156 | Sewer    | Entered a sewer
  2221 | Sewer    | Gained mutation: You regenerate magic rapidly. [demonic
                  | ancestry]
  2221 | Sewer    | Reached XP level 5. HP: 36/37 MP: 5/5
  2221 | Sewer    | Identified a scroll of acquirement
  2477 | Sewer    | HP: 1/37 [adder (1)]
  2480 | Sewer    | Succumbed to an adder's poison

Skill      XL: |  1  2  3  4 |
---------------+-------------+-----
Maces & Flails | 1 2 3 |  3.1
Dodging        | 3 |  3.3
Armour         | 1 |  1.4
Fighting       | |  1.6
Stealth        | |  3.5
Shields        | |  0.2

Action                   |  1- 3 |  4- 6 || total
-------------------------+-------+-------++-------
Melee: Whip              |   228 |    71 ||   299
       Headbutt          |    18 |    25 ||    43
       Morningstar       |       |   145 ||   145
  Use: Potion            |       |     2 ||     2
       Scroll            |       |     1 ||     1
  Eat: Ration            |     3 |     1 ||     4
       Chunk             |       |     3 ||     3
Armor: Scale mail        |   143 |   237 ||   380
       Skin              |       |     6 ||     6
Dodge: Dodged            |   128 |   118 ||   246
Block: Medium shield     |       |   100 ||   100
